 Dungeon Crawl Stone Soup version 0.29.1-2-gbd0b4ee654 (webtiles) character file.

Game seed: 14979830139978053925

221 leafyfresh the Gusty (level 5, -1/28 HPs)
             Began as a Tengu Air Elementalist on Nov 12, 2022.
             Killed from afar by fleeber's ghost (7 damage)
             ... with a magic dart
             ... on level 4 of the Dungeon.
             The game lasted 00:07:08 (3939 turns).

leafyfresh the Gusty (Tengu Air Elementalist)       Turns: 3939, Time: 00:07:09

Health: -1/28      AC:  5    Str:  9    XL:     5   Next: 98%
Magic:  1/9        EV: 16    Int: 17    God:
Gold:   115        SH:  0    Dex: 14    Spells: 2/8 levels left

rFire   . . .      SeeInvis .   e - +0 short sword
rCold   . . .      Faith    .   (no shield)
rNeg    . . .      Spirit   .   a - +0 robe
rPois   .          Reflect  .   (helmet restricted)
rElec   .          Harm     .   r - +2 cloak
rCorr   .          Rampage  .   (no gloves)
Will    .....                   (boots unavailable)
Stlth   ++........              (no amulet)
HPRegen 0.09/turn               (no ring)
MPRegen 0.11/turn               (no ring)

@: flying quickly and evasively, quick
A: beak, talons 3, nimble flight
a: no special abilities


You were on level 4 of the Dungeon.
You visited 1 branch of the dungeon, and saw 4 of its levels.

You collected 115 gold pieces.

Inventory:

Hand Weapons
 e - a +0 short sword (weapon)
Missiles
 h - 6 javelins (quivered)
 l - 7 poisoned darts
Armour
 a - a +0 robe (worn)
 r - a +2 cloak (worn)
Wands
 m - a wand of digging (7)
Scrolls
 b - a scroll of magic mapping {unknown}
 c - 2 scrolls of butterflies
 f - a scroll of acquirement {unknown}
 k - 2 scrolls of teleportation {unknown}
 o - 2 scrolls of immolation {unknown}
 p - 2 scrolls of noise {unknown}
 q - 2 scrolls of poison {unknown}
 s - a scroll of torment {unknown}
Potions
 g - a potion of flight
 n - a potion of attraction


   Skills:
 + Level 4.9 Dodging
 - Level 2.0 Stealth
 - Level 2.0 Spellcasting
 - Level 1.3 Conjurations
 + Level 6.6 Air Magic


You had 2 spell levels left.
You knew the following spells:

 Your Spells              Type           Power      Damage    Failure   Level
a - Shock                 Conj/Air       60%        1d6       3%          1
b - Static Discharge      Conj/Air       15%        3-5/arc   5%          2
c - Swiftness             Air            24%        N/A       3%          3

Your spell library contained the following spells:

 Spells                   Type           Power      Damage    Failure   Level
 Airstrike                Air            12%        2d(2-18)  13%         4
 Alistair's Intoxication  Tmut/Pois      0%         N/A       99%         5
 Borgnjor's Vile Clutch   Necr/Erth      0%         N/A       99%         5
 Eringya's Noxious Bog    Tmut/Pois      0%         N/A       100%        6


Dungeon Overview and Level Annotations

Branches:
Dungeon (4/15)
 Temple: D:4-7

Altars:
Cheibriados

Annotations:
D:3 Natasha
D:4 fleeber's ghost, amateur DECj


Innate Abilities, Weirdness & Mutations

You have a beak for a mouth.
You have claws for feet.
Your magical nature lets you fly swiftly and evasively.


Message History

Fleeber's ghost hits you but does no damage.
You miss fleeber's ghost.
Fleeber's ghost is moderately damaged.
Fleeber's ghost hits you but does no damage.
You barely miss fleeber's ghost.
Fleeber's ghost is moderately damaged.
Fleeber's ghost casts a spell at you.
The magic dart hits you but does no damage.
You hit fleeber's ghost.
Fleeber's ghost is heavily damaged.
Fleeber's ghost hits you.
You closely miss fleeber's ghost.
Fleeber's ghost is heavily damaged.
Fleeber's ghost hits you but does no damage.
You hit fleeber's ghost.
Fleeber's ghost is heavily damaged.
Fleeber's ghost hits you but does no damage.
You barely miss fleeber's ghost.
Fleeber's ghost is heavily damaged.
Fleeber's ghost hits you but does no damage. x2
You closely miss fleeber's ghost.
Fleeber's ghost is heavily damaged.
You feel less wooden.
Your +2 cloak unmelds from your body.
Your +0 robe unmelds from your body.
Fleeber's ghost points at you and mumbles some strange words.
The magic dart hits you.
* * * LOW HITPOINT WARNING * * *
Unknown command.
Casting: Static Discharge (safe; 5% risk of failure)
Confirm with . or Enter, or press ? or * to list all spells.
Fleeber's ghost is struck by an arc of lightning!
Fleeber's ghost is severely damaged.
You are struck by an arc of lightning.
* * * LOW HITPOINT WARNING * * *
Fleeber's ghost is struck by an arc of lightning.
Fleeber's ghost is severely damaged.
The lightning grounds out.
Fleeber's ghost casts a spell at you. The magic dart hits you!
You die...

.. >. . .. . .#. .
####### ....##.
#.....## .# #..#
#....†.# .# #..#####
#..#@#.#
†####.....###†.#W###
..........##...#~##
...........#...#~#
......).......##~#
<....<........##[#
....)...#.....##~#
........##...#####
.........##.###


You could see fleeber's ghost.

Vanquished Creatures
  Natasha (D:3)
  A mummy (D:3)
  Robin (D:2)
  2 gnolls
  8 adders
  A worm (D:3)
  An orc (D:3)
  7 endoplasms
  4 giant cockroaches
  12 goblins
  10 hobgoblins
  4 jackals (D:1)
  2 quokkas
  6 ball pythons
  6 bats
  4 frilled lizards
  4 kobolds
  5 rats
79 creatures vanquished.

Notes
Turn   | Place    | Note
-------+----------+-------------------------------------------
     0 | D:1      | leafyfresh the Tengu Air Elementalist began the quest for
                  | the Orb.
     0 | D:1      | Reached XP level 1. HP: 10/10 MP: 4/4
   140 | D:1      | Reached XP level 2. HP: 15/15 MP: 0/6
   143 | D:1      | Learned a level 2 spell: Static Discharge
   717 | D:1      | Found a faded altar of an unknown god.
   762 | D:1      | Reached XP level 3. HP: 17/19 MP: 0/7
  1011 | D:1      | Reached skill level 5 in Air Magic
  1359 | D:2      | Noticed Robin
  1376 | D:2      | Killed Robin
  1377 | D:2      | Reached XP level 4. HP: 16/24 MP: 5/8
  2241 | D:3      | Found a snail-covered altar of Cheibriados.
  2534 | D:3      | Noticed Natasha
  2540 | D:3      | Killed Natasha
  2541 | D:3      | Gained mutation: Your magical nature lets you fly swiftly
                  | and evasively. [Tengu growth]
  2541 | D:3      | Reached XP level 5. HP: 16/28 MP: 3/9
  2680 | D:3      | Noticed Natasha
  2689 | D:3      | Reached skill level 6 in Air Magic
  3267 | D:3      | Learned a level 3 spell: Swiftness
  3863 | D:4      | Found a runed translucent door.
  3881 | D:4      | Noticed fleeber's ghost (amateur DECj)
  3939 | D:4      | Killed from afar by fleeber's ghost

Illustrated notes

Levels and vault maps discovered:
D:1:      ebering_hopf_link, layout_basic, ebering_ecumenical_altar_mist
D:2:      layout_loops_corners, uniq_robin
D:3:      layout_loops_cross, slow_altar_1, uniq_natasha
D:4:      layout_cave_pools, nicolae_elyvilon_peaceful_grove,
          minmay_temple_entry_grid, ebering_ghost_sewer_d, uniq_blork_the_orc

Skill      XL: |  1  2  3  4  5 |
---------------+----------------+-----
Dodging        | 3 4 |  4.9
Air Magic      | 5 6 |  6.6
Stealth        | |  2.0
Spellcasting   | |  2.0
Conjurations   | |  1.3

Action                   |  1- 3 |  4- 6 || total
-------------------------+-------+-------++-------
Melee: Unarmed           |    10 |       ||    10
       Kick              |    12 |     6 ||    18
       Peck              |     7 |     3 ||    10
       Short sword       |    42 |    43 ||    85
Throw: Javelin           |     2 |       ||     2
 Cast: Shock             |    17 |    24 ||    41
       Static Discharge  |     6 |    21 ||    27
Evoke: Wand              |     1 |       ||     1
  Use: Potion            |     1 |     1 ||     2
       Scroll            |       |     7 ||     7
 Stab: Sleeping          |     7 |     7 ||    14
Armor: Robe              |    23 |     7 ||    30
       Skin              |       |    17 ||    17
Dodge: Dodged            |    62 |    40 ||   102
